 Dungeon Crawl Stone Soup version 0.22.0-49-gab54619674 (webtiles) character file.

10788 Americanboy the Cleaver (level 11, -8/71 HPs)
             Began as a Gargoyle Fighter on Sept 4, 2018.
             Was an Elder of Okawaru.
             Mangled by a 16-headed hydra (11 damage)
             ... on level 1 of the Lair of Beasts.
             The game lasted 00:24:14 (11776 turns).

Americanboy the Cleaver (Gargoyle Fighter)         Turns: 11776, Time: 00:24:14

Health: -8/71      AC: 19    Str: 22    XL:     11   Next: 67%
Magic:  5/11       EV: 15    Int: 10    God:    Okawaru [****..]
Gold:   623        SH: 13    Dex:  9    Spells: 10/10 levels left

rFire    + + .     SeeInvis .   a - +1 war axe
rCold    + . .     Gourm    .   c - +0 shield
rNeg     + + .     Faith    .   y - +3 leather armour
rPois    ∞         Spirit   .   h - +0 helmet
rElec    +         Reflect  .   z - scarf {rC+ rF+}
rCorr    .         Harm     .   B - +0 pair of gloves
MR       .....                  l - +0 pair of boots
Stlth    +++.......             (no amulet)
HPRegen  0.21/turn              e - ring of protection from fire
MPRegen  0.12/turn              v - ring of positive energy

@: heroism, invisible
A: negative energy resistance 1, electricity resistance, unbreathing,
petrification resistance, rot immunity, AC +8
a: Heroism, Renounce Religion


You were on level 1 of the Lair of Beasts.
You worshipped Okawaru.
Okawaru was greatly pleased with you.
You were very full.

You visited 3 branches of the dungeon, and saw 13 of its levels.

You collected 623 gold pieces.

Inventory:

Hand Weapons
 a - a +1 war axe (weapon)
 E - a +0 shortbow
Missiles
 F - 128 arrows
Armour
 c - a +0 shield (worn)
 h - a +0 helmet (worn)
 l - a +0 pair of boots (worn)
 y - a +3 leather armour (worn)
 z - a scarf of resistance (worn)
 B - a +0 pair of gloves (worn)
Jewellery
 b - an uncursed ring of flight
 e - a ring of protection from fire (left hand)
 g - an uncursed ring of fire
 v - a ring of positive energy (right hand)
 w - an uncursed ring of magical power
Wands
 D - a wand of polymorph (15)
 G - a wand of iceblast (12)
 H - a wand of acid (8)
Scrolls
 i - 5 scrolls of identify
 j - 5 scrolls of enchant weapon
 m - 2 scrolls of fog
 p - 2 scrolls of teleportation
 q - 2 scrolls of remove curse
 s - 3 scrolls of amnesia
 t - 2 scrolls of enchant armour
Potions
 d - a potion of might
 n - 3 potions of curing
 o - a potion of mutation
 r - 2 potions of haste
 u - a potion of berserk rage
 x - a potion of lignification
 A - 2 potions of brilliance
 I - a potion of resistance
Comestibles
 f - 10 rations


   Skills:
 * Level 9.2(14.2) Fighting
 * Level 12.1(17.1) Axes
 + Level 0.8(5.8) Bows
 + Level 5.3(10.3) Armour
 + Level 3.7(8.7) Dodging
 + Level 3.4(8.4) Stealth
 + Level 7.9(12.9) Shields
 + Level 0.8 Invocations


You had 10 spell levels left.
You didn't know any spells.
Your spell library contained the following spells:

 Spells                   Type           Power        Failure   Level  Hunger
 Beastly Appendage        Tmut           #.....       50%         1    ##.....
 Magic Dart               Conj           #...         50%         1    ##.....
 Blink                    Tloc           N/A          63%         2    ###....
 Call Imp                 Summ           #.......     63%         2    ###....
 Slow                     Hex            #.......     63%         2    ###....
 Sticks to Snakes         Tmut           #.......     63%         2    ###....
 Conjure Flame            Conj/Fire      #.......     86%         3    ####...
 Mephitic Cloud           Conj/Pois/Air  #.......     86%         3    ####...
 Spider Form              Tmut/Pois      #.........   86%         3    ####...
 Ice Form                 Ice/Tmut       #.......     99%         4    #####..
 Blade Hands              Tmut           #.........   100%        5    ######.


Dungeon Overview and Level Annotations

Branches:
Dungeon (11/15)            Temple (1/1) D:5            Lair (1/6) D:11
    Orc (0/2) D:11

Altars:
Cheibriados
Dithmenos
Elyvilon
Fedhas
Hepliaklqana
Kikubaaqudgha
Makhleb
Nemelex Xobeh
Okawaru
Qazlal
Ru
Sif Muna
Trog
Wu Jian
Xom
Yredelemnul
Beogh

Annotations:
D:10 exclusion: oklob plant


Innate Abilities, Weirdness & Mutations

You are resistant to torment.
Your stone body is resilient. (AC +8)
You are immune to poison.
You resist negative energy. (rN+)
You are resistant to electric shocks. (rElec)
You can survive without breathing.
You are immune to petrification.
You are immune to rotting.


Message History

The 16-headed hydra bites you but does no damage. x2
The 16-headed hydra bites you.
* * * LOW HITPOINT WARNING * * *
The 16-headed hydra bites you.
* * * LOW HITPOINT WARNING * * *
You block the 16-headed hydra's attack. The 16-headed hydra barely misses you.
The 16-headed hydra closely misses you. The 16-headed hydra bites you!
* * * LOW HITPOINT WARNING * * *
The 16-headed hydra bites you but does no damage.
You block the 16-headed hydra's attack.
Okay, then.
You fade into invisibility!
Your hands slow down.
The 16-headed hydra barely misses you. You block the 16-headed hydra's attack.
The 16-headed hydra barely misses you.
The 16-headed hydra bites you but does no damage.
The 16-headed hydra misses you. The 16-headed hydra barely misses you.
You block the 16-headed hydra's attack. x2
The 16-headed hydra bites you but does no damage.
The 16-headed hydra barely misses you. The 16-headed hydra bites you!
You die...

... ##...## ...
#.....## ....
.......## .....
#.......#
.....#.........
......#.........
.......D.........
......#@........#
##...#.........##
##................
..................
#.#...............
#....#........#..
..................
#....##...<.......
#....#............


You could see a 16-headed hydra.

Vanquished Creatures
  2 two-headed ogres
  Psyche (D:10)
  A gargoyle (D:10)
  2 trolls
  A queen bee (D:10)
  A hornet (D:7)
  A meliai zombie (D:10)
  Sigmund (D:3)
  A wyvern (D:8)
  4 yaks (D:11)
  A hungry ghost (D:11)
  A basilisk (D:11)
  2 porcupines (D:11)
  A water moccasin (D:9)
  2 sky beasts
  3 black bears
  An ice beast (D:5)
  8 orc warriors
  7 ogres
  3 phantoms
  5 centaurs
  4 crocodiles
  8 bullfrogs
  2 scorpions
  26 killer bees
  5 wights (D:8)
  3 howler monkeys (D:7)
  5 crimson imps
  2 centaur zombies
  6 hounds
  2 quasits (D:10)
  6 orc priests
  A jelly (D:10)
  A centaur skeleton (D:4)
  10 orc wizards
  3 iguanas
  6 worker ants
  A killer bee zombie (D:8)
  2 hound zombies
  A hound skeleton (D:5)
  A howler monkey zombie (D:7)
  15 adders
  A shadow imp (D:10)
  An ooze (D:1)
  An adder skeleton (D:8)
  A worm (D:3)
  4 dart slugs
  3 leopard geckos
  40 orcs
  4 giant cockroaches
  7 goblins
  7 hobgoblins
  9 jackals
  8 quokkas
  4 ball pythons
  7 bats
  7 frilled lizards
  2 gnoll zombies (D:3)
  3 jackal skeletons
  9 kobolds
  2 quokka skeletons
  10 rats
  11 bushes (D:10)
  13 plants
313 creatures vanquished.

Vanquished Creatures (others)
  A fungus (D:11)
1 creature vanquished.

Grand Total: 314 creatures vanquished

Notes
Turn   | Place    | Note
-------+----------+-------------------------------------------
     0 | D:1      | Americanboy the Gargoyle Fighter began the quest for the
                  | Orb.
     0 | D:1      | Reached XP level 1. HP: 14/14 MP: 1/1
    64 | D:1      | Reached XP level 2. HP: 19/19 MP: 2/2
   411 | D:1      | Reached skill level 2 in Axes
   411 | D:1      | Reached XP level 3. HP: 24/24 MP: 3/3
  1151 | D:2      | Reached XP level 4. HP: 26/29 MP: 4/4
  1232 | D:2      | Found a sacrificial altar of Ru.
  1236 | D:2      | Reached skill level 3 in Axes
  1499 | D:2      | Reached XP level 5. HP: 33/33 MP: 5/5
  1855 | D:3      | Noticed Sigmund
  1859 | D:3      | Killed Sigmund
  1859 | D:3      | Reached skill level 4 in Axes
  1859 | D:3      | Reached skill level 1 in Stealth
  1859 | D:3      | Reached XP level 6. HP: 39/39 MP: 6/6
  2403 | D:3      | Found a basalt altar of Yredelemnul.
  2571 | D:4      | Reached skill level 1 in Dodging
  2807 | D:4      | Reached skill level 5 in Axes
  2807 | D:4      | Reached XP level 7. HP: 35/44 MP: 7/7
  3050 | D:4      | Found a white marble altar of Elyvilon.
  3052 | D:4      | Found a hazy altar of Hepliaklqana.
  3209 | D:4      | Found a sparkling altar of Nemelex Xobeh.
  3472 | D:5      | Entered Level 5 of the Dungeon
  3486 | D:5      | Found a sacrificial altar of Ru.
  3488 | D:5      | Reached skill level 5 in Fighting
  3493 | D:5      | Reached skill level 6 in Axes
  3679 | D:5      | Reached XP level 8. HP: 49/49 MP: 8/8
  3704 | D:5      | Found a staircase to the Ecumenical Temple.
  3711 | Temple   | Entered the Ecumenical Temple
  3719 | Temple   | Became a worshipper of Warmaster Okawaru
  4403 | D:5      | Found a burning altar of Makhleb.
  4503 | D:6      | Reached skill level 7 in Axes
  4838 | D:6      | Reached * piety under Okawaru
  4838 | D:6      | Reached skill level 5 in Shields
  4840 | D:6      | Reached XP level 9. HP: 42/55 MP: 9/9
  5132 | D:7      | Noticed a hornet
  5422 | D:7      | Found a snail-covered altar of Cheibriados.
  5574 | D:7      | Killed a hornet
  5574 | D:7      | Reached skill level 8 in Axes
  5574 | D:7      | Reached skill level 5 in Armour
  6203 | D:8      | Reached ** piety under Okawaru
  6221 | D:8      | Reached skill level 9 in Axes
  6495 | D:8      | Reached XP level 10. HP: 44/64 MP: 10/10
  7005 | D:8      | Noticed a two-headed ogre
  7015 | D:8      | Killed a two-headed ogre
  7109 | D:9      | Reached skill level 10 in Axes
  7114 | D:9      | Found an ancient bone altar of Kikubaaqudgha.
  7143 | D:9      | Reached *** piety under Okawaru
  8520 | D:10     | Entered Level 10 of the Dungeon
  8753 | D:10     | Reached **** piety under Okawaru
  8926 | D:10     | Noticed Psyche
  8937 | D:10     | Killed Psyche
  8937 | D:10     | Reached skill level 11 in Axes
  8937 | D:10     | Reached XP level 11. HP: 50/69 MP: 8/11
  9263 | D:10     | Noticed a two-headed ogre
  9275 | D:10     | Killed a two-headed ogre
  9287 | D:10     | HP: 2/69 [killer bee (2)]
  9738 | D:10     | Found a blossoming altar of Fedhas.
  9755 | D:10     | Noticed an oklob plant
 10241 | D:10     | HP: 2/69 [acid (11)]
 10727 | D:11     | Found a staircase to the Orcish Mines.
 10737 | D:11     | Found a roughly hewn altar of Beogh.
 10995 | D:11     | Found a staircase to the Lair.
 11017 | D:11     | Reached skill level 12 in Axes
 11033 | D:11     | Reached ***** piety under Okawaru
 11746 | Lair:1   | Entered Level 1 of the Lair of Beasts
 11751 | Lair:1   | Noticed a four-headed hydra
 11775 | Lair:1   | HP: 2/71 [16-headed hydra (7)]
 11776 | Lair:1   | Mangled by a 16-headed hydra

Skill      XL: |  1  2  3  4  5  6  7  8  9 10 11 |
---------------+----------------------------------+-----
Axes           | 2 3 4 5 6 7 9 11 12 | 12.1
Fighting       | 4 5 6 7 8 9 |  9.2
Stealth        | 1 2 3 |  3.4
Shields        | 4 5 6 7 |  7.9
Dodging        | 1 2 3 |  3.7
Armour         | 4 5 |  5.3
Bows           | |  0.8
Invocations    | |  0.8

Action                   |  1- 3 |  4- 6 |  7- 9 | 10-12 || total
-------------------------+-------+-------+-------+-------++-------
Melee: War axe           |   116 |   169 |   408 |   627 ||  1320
 Fire: Shortbow          |       |       |       |     6 ||     6
Invok: Heroism           |       |       |     5 |    13 ||    18
       Finesse           |       |       |       |     1 ||     1
  Use: Scroll            |     8 |     5 |     7 |     5 ||    25
       Potion            |       |     1 |     2 |     8 ||    11
 Stab: Invisible         |       |     1 |       |       ||     1
       Paralysed         |       |     1 |       |       ||     1
       Sleeping          |       |       |       |     3 ||     3
  Eat: Chunk             |       |     6 |     2 |     1 ||     9
       Ration            |       |       |     4 |     8 ||    12
Armor: Scale mail        |    72 |    84 |    92 |       ||   248
       Leather armour    |       |       |    84 |   248 ||   332
Dodge: Dodged            |    46 |    39 |   140 |   235 ||   460
Block: Shield            |    68 |   108 |   194 |   312 ||   682
